 Dungeon Crawl Stone Soup version 0.30.0-19-g36f170ea60 (webtiles) character file.

Game seed: 1610871669049706306

86 jagang the Digger (level 5, 0/39 HPs)
             Began as a Meteoran Earth Elementalist on June 1, 2023.
             Succumbed to a scorpion's poison
             ... on level 4 of the Dungeon.
             The game lasted 00:07:49 (1498 turns).

jagang the Digger (Meteoran Earth Elementalist)     Turns: 1498, Time: 00:07:50

Health: 0/39       AC:  4    Str:  9    XL:     5   Next: 6%
Magic:  0/11       EV: 13    Int: 18    God:
Gold:   87         SH:  0    Dex: 15    Spells: 7/11 levels left

rFire   . . .        f - +0 short sword
rCold   . . .        (no shield)
rNeg    . . .        a - +0 robe
rPois   .            (no helmet)
rElec   .            (no cloak)
rCorr   .            p - +0 pair of gloves
SInv    .            s - +0 pair of boots
Will    .....        (no amulet)
Stlth   +            (no ring)
HPRegen 0.26/turn    (no ring)
MPRegen 0.12/turn

%: no passive effects
@: lethally poisoned (0 -> -13), glowing
A: sense surroundings 1, otherworldly, glowing, explore regen
a: no special abilities


You were on level 4 of the Dungeon.
You visited 1 branch of the dungeon, and saw 4 of its levels.

You collected 87 gold pieces.

Inventory:

Hand Weapons
 f - a +0 short sword (weapon)
Armour
 a - a +0 robe (worn)
 p - a +0 pair of gloves (worn)
 s - a +0 pair of boots (worn)
Magical Staves
 t - a staff of air
Jewellery
 k - a ring of fire
Wands
 i - a wand of digging (5)
Scrolls
 c - 2 scrolls of enchant armour {unknown}
 e - 2 scrolls of vulnerability {unknown}
 g - 3 scrolls of amnesia {unknown}
 h - 2 scrolls of noise {unknown}
 j - 4 scrolls of teleportation {unknown}
 l - a scroll of immolation {unknown}
 m - a scroll of silence {unknown}
 n - a scroll of fear {unknown}
Potions
 b - a potion of magic
 d - a potion of brilliance {unknown}
 o - a potion of mutation {unknown}
 q - a potion of berserk rage {unknown}
 r - 2 potions of flight {unknown}


   Skills:
 + Level 0.7 Fighting
 + Level 1.0 Armour
 + Level 3.1 Dodging
 - Level 1.7 Stealth
 * Level 3.5 Spellcasting
 + Level 2.1 Transmutations
 * Level 4.3 Earth Magic


You had 7 spell levels left.
You knew the following spells:

 Your Spells              Type           Power      Damage    Failure   Level
a - Sandblast             Erth           36%        2d10      2%          1
b - Stone Arrow           Conj/Erth      22%        3d8       19%         3

Your spell library contained the following spells:

 Spells                   Type           Power      Damage    Failure   Level
 Passwall                 Tmut/Erth      11%        N/A       6%          2
 Petrify                  Tmut/Erth      14%        N/A       38%         4


Dungeon Overview and Level Annotations

Branches:
Dungeon (4/15) Zot: 863
 Temple: D:4-7

Altars:
Gozag
Nemelex Xobeh

Annotations:
D:3 1 runed translucent door, bmack86's ghost, amateur MiFi


Innate Abilities, Weirdness & Mutations

You passively map a small area around you.
You are easily found by Zot.
You glow in the dark.
You regain HP and MP as you explore.


Message History

You feel sick. The scorpion stings you.
Unknown command.
Casting: Sandblast (safe; 2% risk of failure)
Confirm with . or Enter, or press ? or * to list all spells.
Aiming: Sandblast (safe; 2% risk of failure)
Press: ? - help, Shift-Dir - straight line, f/p - scorpion
Aim: a scorpion (severely wounded, 82% to hit)
The blast of sand hits the scorpion.
The scorpion is almost dead.
You feel sick. The scorpion stings you. The scorpion closely misses you.
Casting: Sandblast (safe; 2% risk of failure)
Confirm with . or Enter, or press ? or * to list all spells.
Aiming: Sandblast (safe; 2% risk of failure)
Press: ? - help, Shift-Dir - straight line, f/p - scorpion
Aim: a scorpion (almost dead, 82% to hit)
The blast of sand misses the scorpion.
You feel sick. The scorpion barely misses you. The scorpion stings you.
* * * LOW HITPOINT WARNING * * *
Casting: Sandblast (safe; 2% risk of failure)
Confirm with . or Enter, or press ? or * to list all spells.
Aiming: Sandblast (safe; 2% risk of failure)
Press: ? - help, Shift-Dir - straight line, f/p - scorpion
Aim: a scorpion (almost dead, 82% to hit)
The blast of sand hits the scorpion.
The scorpion is almost dead.
You feel sick.
You are no longer poisoned.
The scorpion stings you.
* * * LOW HITPOINT WARNING * * *
You are lethally poisoned!
The scorpion poisons you!
The scorpion stings you but does no damage.
Casting: Sandblast (safe; 2% risk of failure)
Confirm with . or Enter, or press ? or * to list all spells.
Aiming: Sandblast (safe; 2% risk of failure)
Press: ? - help, Shift-Dir - straight line, f/p - scorpion
Aim: a scorpion (almost dead, 82% to hit)
The blast of sand hits the scorpion but does no damage.
The scorpion is almost dead.
You die...

, * #.. , ....#
.... * *
#####...#**.... *
........# ...# ,
...... ...# #....
....## * *
#.#.##.....# *
#...<.##...# ,
,###.@......#, *
** #!....s...####
.....#.........#,
*
#...,#......#..#,
* ... #......# ..
.. ,......... . ,
* # ...#.#..... ,
* , *
....#.#..... , ,
, , , ,


You could see a scorpion.

Vanquished Creatures
  4 adders
  A worm (D:2)
  An orc (D:4)
  8 ball pythons
  2 endoplasms
  2 giant cockroaches
  3 goblins
  2 hobgoblins
  3 jackals (D:2)
  9 kobolds
  2 quokkas
  5 bats
  A frilled lizard (D:1)
  4 rats
47 creatures vanquished.

Notes
Turn   | Place    | Note
-------+----------+-------------------------------------------
     0 | D:1      | jagang the Meteoran Earth Elementalist began the quest for
                  | the Orb.
     0 | D:1      | Reached XP level 1. HP: 14/14 MP: 5/5
   101 | D:1      | You fall into a shaft and drop 1 floor!
   115 | D:2      | Reached XP level 2. HP: 17/20 MP: 2/6
   176 | D:2      | Reached XP level 3. HP: 26/26 MP: 5/8
   189 | D:2      | Reached skill level 4 in Earth Magic
   287 | D:2      | Reached XP level 4. HP: 22/34 MP: 2/9
   548 | D:2      | Found a faded altar of an unknown god.
  1076 | D:1      | Glimpsed the power of Zot.
  1123 | D:1      | Glimpsed the power of Zot.
  1159 | D:3      | Found an opulent altar of Gozag.
  1159 | D:3      | Found a sparkling altar of Nemelex Xobeh.
  1255 | D:3      | Reached skill level 1 in Armour
  1265 | D:3      | Reached XP level 5. HP: 37/39 MP: 8/11
  1331 | D:3      | Learned a level 3 spell: Stone Arrow
  1435 | D:3      | Found a runed translucent door.
  1440 | D:3      | Noticed bmack86's ghost (amateur MiFi)
  1498 | D:4      | Succumbed to a scorpion's poison

Illustrated notes

Levels and vault maps discovered:
D:1:      minmay_arrival_jagged, layout_basic, serial_rivers,
          chequers_serial_rivers_micro_c, chequers_serial_rivers_room_a,
          chequers_serial_rivers_room_a, chequers_serial_rivers_small_a
D:2:      layout_rooms, shapermc_ecumenical_altar_petra, serial_glass,
          glass_columns_a, glass_columns_a
D:3:      layout_loops_corners, grunt_temple_overflow_opulence,
          ebering_ghost_reflecting_pool, uniq_grinder
D:4:      layout_basic, xom_teletrap_fun, gup_sewer_entry_pipe, serial_shops,
          nicolae_shop_back_alley_shop, uniq_natasha

Skill      XL: |  1  2  3  4 |
---------------+-------------+-----
Spellcasting   | 3 |  3.5
Earth Magic    | 4 |  4.3
Transmutations | 2 |  2.1
Dodging        | 3 |  3.1
Armour         | 1 |  1.0
Fighting       | |  0.7
Stealth        | |  1.7

Action                     |  1- 3 |  4- 6 || total
---------------------------+-------+-------++-------
  Melee: Short sword       |     3 |    11 ||    14
   Cast: Sandblast         |    32 |    47 ||    79
 Armour: Robe              |     5 |     6 ||    11
  Dodge: Dodged            |    14 |    16 ||    30
